[ PARTIDA AOE2 · #513598685 ]
UnrankedCeltas vs Vietnamese
Equipo del jugador · VICT
Equipo rival · DERR
[ ANÁLISIS DE REPETICIÓN · EXTRAÍDO DE LA PARTIDA GRABADA ]
Feudal
11:45
Castillos
26:13
Imperial
—
| APM promedio | 26.4 |
| APM pico | 70 |
| eAPM promedio | 9.8 |
| Aldeanos / militares | 29 / 29 |
Foco
⚔️ 32.5% · 🌾 67.5%
Militia ×28 · Mangonel ×1
Feudal
9:29
Castillos
—
Imperial
—
| APM promedio | 55.9 |
| APM pico | 82 |
| eAPM promedio | 22.9 |
| Aldeanos / militares | 51 / 8 |
Foco
⚔️ 16.5% · 🌾 83.5%
Archer ×7 · Skirmisher ×1
Mapa de la partida
Recursos iniciales + cada clic de construcción. Líneas = muros · curvas = relieve. ◆ oro · ⬟ piedra · ● bayas · ✦ reliquia · ◌ hueco del cierre
Tu base· Abierta — flanco sin cerrar
Base de Arvolen· Abierta — flanco sin cerrar
Terreno inicial suavizado · ◌ = hueco del cierre detectado · pasá el cursor para detalles
Inputs por minuto
— albaevaarina0 - - Arvolen
Build order — albaevaarina0
102 acciones detectadas en el replay
| 0:02 | Construir | House |
| 0:05 | Construir | House |
| 0:06 | queue | Villager (Male) |
| 0:07 | queue | Villager (Male) |
| 0:07 | queue | Villager (Male) |
| 0:07 | queue | Villager (Male) |
| 1:13 | queue | Villager (Male) |
| 1:43 | queue | Villager (Male) |
| 2:09 | queue | Villager (Male) |
| 2:47 | Construir | House |
| 2:53 | queue | Villager (Male) |
| 3:07 | queue | Villager (Male) |
| 3:16 | Construir | Barracks |
| 3:40 | queue | Villager (Male) |
| 4:25 | Construir | House |
| 4:39 | queue | Militia |
| 4:40 | queue | Militia |
| 4:40 | queue | Militia |
| 4:50 | queue | Villager (Male) |
| 5:07 | queue | Villager (Male) |
| 5:22 | queue | Villager (Male) |
| 5:46 | queue | Militia |
| 6:10 | Construir | Lumber Camp |
| 6:14 | queue | Villager (Male) |
| 6:14 | queue | Villager (Male) |
| 6:50 | Construir | House |
| 7:09 | queue | Militia |
| 7:19 | Construir | Mining Camp |
| 8:30 | queue | Villager (Male) |
| 8:40 | Construir | Mill |
| 8:48 | Investigar | Loom |
| 9:35 | Investigar | Feudal Age |
| 9:50 | Construir | House |
| 10:08 | queue | Militia |
| 10:15 | queue | Militia |
| 11:24 | queue | Villager (Male) |
| 11:24 | queue | Villager (Male) |
| 11:45 | Edad | Edad Feudal |
| 12:05 | Investigar | Man-at-Arms (upgrade) |
| 12:37 | Construir | Watch Tower |
| 12:47 | queue | Militia |
| 12:47 | queue | Militia |
| 12:48 | queue | Militia |
| 12:48 | queue | Militia |
| 14:10 | queue | Militia |
| 14:11 | queue | Militia |
| 14:11 | queue | Militia |
| 14:28 | Construir | Blacksmith |
| 14:31 | Construir | Farm |
| 14:33 | Construir | Farm |
| 14:34 | Construir | Farm |
| 14:35 | Construir | Farm |
| 14:36 | Construir | Farm |
| 14:37 | Construir | Farm |
| 14:38 | Construir | Farm |
| 15:09 | queue | Militia |
| 15:09 | queue | Militia |
| 16:40 | Investigar | Fletching |
| 16:45 | Construir | Farm |
| 16:46 | Construir | Farm |
| 16:49 | Construir | Farm |
| 16:51 | Construir | Farm |
| 17:31 | Investigar | Arson |
| 17:52 | queue | Militia |
| 17:52 | queue | Militia |
| 18:11 | queue | Villager (Male) |
| 18:12 | queue | Villager (Male) |
| 18:12 | queue | Villager (Male) |
| 19:51 | queue | Militia |
| 19:51 | queue | Militia |
| 19:51 | queue | Militia |
| 19:51 | queue | Militia |
| 21:30 | Construir | Market |
| 21:35 | Investigar | Scale Mail Armor |
| 21:37 | Construir | House |
| 21:38 | Construir | House |
| 21:44 | queue | Villager (Male) |
| 21:44 | queue | Villager (Male) |
| 21:45 | queue | Villager (Male) |
| 23:33 | Investigar | Castle Age |
| 23:55 | queue | Militia |
| 23:55 | queue | Militia |
| 23:55 | queue | Militia |
| 24:52 | Construir | House |
| 24:53 | Construir | House |
| 25:30 | Construir | House |
| 25:35 | Investigar | Double-Bit Axe |
| 25:38 | Investigar | Horse Collar |
| 25:40 | Construir | Farm |
| 26:01 | Construir | Lumber Camp |
| 26:07 | queue | Villager (Male) |
| 26:08 | queue | Villager (Male) |
| 26:13 | Edad | Edad de los Castillos |
| 26:30 | Investigar | Long Swordsman (upgrade) |
| 26:42 | Construir | Siege Workshop |
| 27:06 | queue | Villager (Male) |
| 27:47 | queue | Mangonel |
| 28:15 | queue | Villager (Male) |
| 28:17 | queue | Villager (Male) |
| 28:20 | queue | Militia |
| 28:21 | queue | Militia |
| 28:21 | queue | Militia |
Build order — Arvolen
121 acciones detectadas en el replay
| 0:01 | queue | Villager (Male) |
| 0:01 | queue | Villager (Male) |
| 0:02 | Construir | House |
| 0:04 | Construir | House |
| 0:33 | queue | Villager (Male) |
| 0:33 | queue | Villager (Male) |
| 0:34 | queue | Villager (Male) |
| 1:37 | queue | Villager (Male) |
| 1:38 | queue | Villager (Male) |
| 1:45 | Construir | Lumber Camp |
| 2:17 | queue | Villager (Male) |
| 2:17 | queue | Villager (Male) |
| 2:44 | queue | Villager (Male) |
| 3:22 | Investigar | Loom |
| 3:42 | queue | Villager (Male) |
| 3:43 | queue | Villager (Male) |
| 3:43 | queue | Villager (Male) |
| 4:23 | queue | Villager (Male) |
| 4:23 | queue | Villager (Male) |
| 4:24 | queue | Villager (Male) |
| 4:42 | Construir | House |
| 5:04 | Construir | House |
| 5:09 | queue | Villager (Male) |
| 6:03 | Construir | Mill |
| 6:54 | queue | Villager (Male) |
| 6:56 | Investigar | Feudal Age |
| 8:03 | queue | Villager (Male) |
| 8:03 | queue | Villager (Male) |
| 8:27 | Construir | Palisade Wall |
| 9:29 | Edad | Edad Feudal |
| 9:43 | Construir | Lumber Camp |
| 9:51 | queue | Villager (Male) |
| 10:08 | Construir | Outpost |
| 10:20 | Investigar | Double-Bit Axe |
| 10:41 | queue | Villager (Male) |
| 11:20 | Construir | Barracks |
| 11:28 | queue | Villager (Male) |
| 11:28 | queue | Villager (Male) |
| 11:39 | queue | Villager (Male) |
| 11:46 | Construir | Watch Tower |
| 12:28 | Construir | Mining Camp |
| 12:34 | Construir | Lumber Camp |
| 12:50 | queue | Villager (Male) |
| 12:50 | queue | Villager (Male) |
| 12:55 | Construir | House |
| 12:55 | Construir | House |
| 12:56 | Construir | House |
| 14:25 | Construir | Farm |
| 14:49 | queue | Villager (Male) |
| 14:49 | queue | Villager (Male) |
| 15:12 | queue | Villager (Male) |
| 15:47 | queue | Villager (Male) |
| 15:51 | Construir | Lumber Camp |
| 16:27 | Construir | Mining Camp |
| 16:41 | queue | Villager (Male) |
| 16:41 | queue | Villager (Male) |
| 16:51 | queue | Villager (Male) |
| 17:04 | Construir | Palisade Wall |
| 17:04 | Construir | Palisade Wall |
| 17:05 | Construir | Palisade Wall |
| 18:02 | queue | Villager (Male) |
| 18:03 | queue | Villager (Male) |
| 18:08 | Construir | Farm |
| 18:08 | Construir | Farm |
| 18:17 | Construir | Watch Tower |
| 18:24 | Construir | House |
| 18:27 | Construir | House |
| 18:31 | Construir | Palisade Wall |
| 18:49 | Construir | House |
| 18:56 | Construir | House |
| 19:06 | queue | Villager (Male) |
| 19:10 | Construir | Archery Range |
| 19:46 | queue | Villager (Male) |
| 19:46 | queue | Villager (Male) |
| 19:46 | queue | Villager (Male) |
| 19:55 | queue | Archer |
| 19:55 | queue | Archer |
| 20:00 | Construir | House |
| 20:01 | Construir | House |
| 20:01 | Construir | House |
| 20:39 | queue | Archer |
| 20:51 | queue | Villager (Male) |
| 21:20 | Construir | Farm |
| 21:39 | Construir | House |
| 21:42 | Construir | House |
| 22:06 | queue | Archer |
| 22:06 | queue | Archer |
| 23:24 | Construir | Market |
| 23:33 | queue | Villager (Male) |
| 23:33 | queue | Villager (Male) |
| 23:39 | Construir | Mining Camp |
| 23:46 | Construir | House |
| 23:59 | queue | Villager (Male) |
| 24:30 | queue | Archer |
| 24:30 | queue | Archer |
| 24:47 | Construir | Farm |
| 24:48 | Construir | Farm |
| 24:51 | queue | Villager (Male) |
| 24:52 | queue | Villager (Male) |
| 25:39 | Construir | Farm |
| 25:39 | Construir | Farm |
| 25:39 | Construir | Farm |
| 26:04 | Construir | Watch Tower |
| 26:11 | queue | Skirmisher |
| 26:14 | queue | Villager (Male) |
| 26:38 | Construir | House |
| 26:50 | queue | Villager (Male) |
| 26:50 | queue | Villager (Male) |
| 26:58 | Construir | House |
| 27:01 | Construir | House |
| 27:02 | Construir | House |
| 27:25 | queue | Villager (Male) |
| 27:29 | Construir | Farm |
| 27:29 | Construir | Farm |
| 27:31 | Construir | Farm |
| 28:08 | queue | Villager (Male) |
| 28:21 | Construir | Farm |
| 28:24 | Construir | Farm |
| 28:25 | Construir | Farm |
| 28:25 | Construir | Farm |
| 28:25 | Construir | Farm |
Cronología de la partida
| 3:16 | albaevaarina0 · first_building Barracks |
| 8:27 | Arvolen · wall_segment Palisade Wall x7 |
| 9:29 | Arvolen · age_up feudal |
| 11:20 | Arvolen · first_building Barracks |
| 11:45 | albaevaarina0 · age_up feudal |
| 17:04 | Arvolen · wall_segment Palisade Wall x1 |
| 17:04 | Arvolen · wall_segment Palisade Wall x1 |
| 17:05 | Arvolen · wall_segment Palisade Wall x1 |
| 18:31 | Arvolen · wall_segment Palisade Wall x2 |
| 19:10 | Arvolen · first_building Archery Range |
| 23:28 | albaevaarina0 · first_market_sell 100 wood |
| 23:31 | albaevaarina0 · first_market_buy 100 food |
| 24:28 | Arvolen · first_market_sell 100 food |
| 26:13 | albaevaarina0 · age_up castle |
| 26:42 | albaevaarina0 · first_building Siege Workshop |
| 29:55 | Arvolen · resign |
[ ANÁLISIS IA · 1 CRÉDITO ]
¿Qué pasó realmente en esta partida?
Wolo.gg analiza cada decisión: build order, eco, micro, errores típicos por bracket. Análisis personalizado por WhatsApp o Discord en 30 segundos.
Guía civ
Celtas
Perfil
Jugador #21632431